 Dungeon Crawl Stone Soup version 0.29.1-15-g9cfb28693d (webtiles) character file.

Game seed: 3325882993392501855

5 ChiefBigBeans the Stinger (level 1, 0/14 HPs)
             Began as a Merfolk Venom Mage on Feb 23, 2023.
             Slain by a kobold
             ... wielding a +0 short sword
              (4 damage)
             ... on level 1 of the Dungeon.
             The game lasted 00:01:28 (258 turns).

ChiefBigBeans the Stinger (Merfolk Venom Mage)       Turns: 258, Time: 00:01:29

Health: 0/14       AC:  2    Str:  8    XL:     1   Next: 80%
Magic:  3/3        EV: 12    Int: 14    God:
Gold:   15         SH:  0    Dex: 14    Spells: 3/4 levels left

rFire   . . .      SeeInvis .   g - +0 dagger
rCold   . . .      Faith    .   (no shield)
rNeg    . . .      Spirit   .   a - +0 robe
rPois   .          Reflect  .   (no helmet)
rElec   .          Harm     .   (no cloak)
rCorr   .          Rampage  .   (no gloves)
Will    .....                   (no boots)
Stlth   ++........              (no amulet)
HPRegen 0.04/turn               (no ring)
MPRegen 0.08/turn               (no ring)

@: no status effects
A: (nimble swimmer 2), mertail
a: no special abilities


You were on level 1 of the Dungeon.
You visited 1 branch of the dungeon, and saw 1 of its levels.

You collected 15 gold pieces.

Inventory:

Hand Weapons
 d - a +0 bardiche
 g - a +0 dagger (weapon)
Armour
 a - a +0 robe (worn)
Magical Staves
 i - a staff of cold
Scrolls
 c - a scroll of poison {unknown}
 e - a scroll of noise {unknown}
 j - a scroll of torment {unknown}
Potions
 b - a potion of magic
 f - a potion of attraction {unknown}
 h - a potion of berserk rage {unknown}


   Skills:
 + Level 0.3 Fighting
 + Level 0.0 Short Blades
 + Level 2.8 Dodging
 + Level 2.3 Stealth
 + Level 2.0 Spellcasting
 - Level 1.3 Transmutations
 + Level 3.3 Poison Magic


You had 3 spell levels left.
You knew the following spells:

 Your Spells              Type           Power      Damage    Failure   Level
a - Sting                 Tmut/Pois      32%        1d4       9%          1

Your spell library contained the following spells:

 Spells                   Type           Power      Damage    Failure   Level
 Poisonous Vapours        Pois/Air       12%        N/A       19%         2
 Necrotise                Necr           4%         1d4       24%         1
 Mephitic Cloud           Conj/Pois/Air  4%         N/A       41%         3
 Vampiric Draining        Necr           1%         2d6       56%         3
 Olgreb's Toxic Radiance  Pois           10%        N/A       52%         4
 Agony                    Necr           1%         N/A       100%        5


Dungeon Overview and Level Annotations

Branches:
Dungeon (1/15)

Altars:

Shops:
D:1 [


Innate Abilities, Weirdness & Mutations

((You are very nimble when in or above water. (Stealth+, EV+, Speed+++)))
Your lower body shifts to a powerful aquatic tail in water.


Message History

Things that are here:
a +0 dagger; a +0 club
g - a +0 dagger
g - a +0 dagger (weapon)
You now have 15 gold pieces.
You see here a staff of cold.
h - a red potion You see here a staff of cold.
i - a staff of cold You start resting.
Magic restored.
You start resting.
HP restored.
Found Ucweq's Armour Boutique.
j - a scroll labelled SISHRO QENE
There is an entrance to Ucweq's Armour Boutique here.
Found a stone staircase leading down.
A frilled lizard comes into view.
Found a stone staircase leading down.
A kobold comes into view. It is wielding a +0 short sword.
The frilled lizard hisses angrily.
Found a scroll labelled LID YLIYSM.
You hit the frilled lizard.
You kill the frilled lizard!
You hit the kobold but do no damage.
The kobold hits you with a +0 short sword.
You hit the kobold.
The kobold is heavily wounded.
The kobold hits you with a +0 short sword.
You closely miss the kobold.
The kobold is heavily wounded.
The kobold hits you with a +0 short sword.
You closely miss the kobold.
The kobold is heavily wounded.
The kobold hits you with a +0 short sword.
* * * LOW HITPOINT WARNING * * *
You barely miss the kobold.
The kobold is moderately wounded.
The kobold hits you with a +0 short sword.
You die...

###..#....#
#.....#8#..
#..#....#
+.><..'.'..
#..#....#
#.....#8#..
#..#....#
#.....###..
#..#....#
###+#####..
#..##..## ##.
#..>##### ##
#.......#
#....#.@...#
#......K...#
#..........#
##.#.......>#
#............
##....##......
#..... ......
##.##. .?....


You could see a kobold.

Vanquished Creatures
  2 goblins (D:1)
  A quokka (D:1)
  2 frilled lizards (D:1)
5 creatures vanquished.

Notes
Turn   | Place    | Note
-------+----------+-------------------------------------------
     0 | D:1      | ChiefBigBeans the Merfolk Venom Mage began the quest for
                  | the Orb.
     0 | D:1      | Reached XP level 1. HP: 13/13 MP: 3/3
   220 | D:1      | Found Ucweq's Armour Boutique.
   258 | D:1      | Slain by a kobold

Illustrated notes

Levels and vault maps discovered:
D:1:      shiori_arrival_elements, layout_rooms, serial_shops, shop,
          chequers_serial_rivers_micro_b

Action                   || total
-------------------------++-------
Melee: Bardiche          ||    11
       Dagger            ||     6
 Cast: Sting             ||     5
Armor: Robe              ||     3
Dodge: Dodged            ||    10
